 Dungeon Crawl Stone Soup version 0.26-a0-712-ga5a9c9c9d0 (webtiles) character file.

Game seed: 1781648191932125521

86075 mandarbmax the Acrobat (level 15, -3/70 HPs)
             Began as a Spriggan Venom Mage on Oct 26, 2020.
             Was an Initiate of Gozag.
             Killed from afar by a fire dragon (45 damage)
             ... with a blast of flame
             ... on level 6 of the Lair of Beasts on Oct 31, 2020.
             The game lasted 01:53:47 (37681 turns).

mandarbmax the Acrobat (Spriggan Venom Mage)       Turns: 37681, Time: 01:53:48

Health: -3/70      AC:  8    Str:  5    XL:     15   Next: 39%
Magic:  15/30      EV: 51    Int: 28    God:    Gozag
Gold:   6089       SH:  7    Dex: 18    Spells: 6/34 levels left

rFire    . . .     SeeInvis +   N - +6 rapier (venom)
rCold    + . .     Faith    .   U - +0 buckler
rNeg     . . .     Spirit   .   S - +2 animal skin {rC+}
rPois    .         Reflect  .   (helmet restricted)
rElec    +         Harm     .   Q - +2 cloak of Defence {+Inv rElec Str-5 Stlth+}
rCorr    .         Rampage  .   (gloves unavailable)
MR       ++...                  (boots unavailable)
Stlth    ++++++....             f - amulet of the acrobat
HPRegen  0.21/turn              L - +6 ring of strength
MPRegen  0.22/turn              J - +6 ring of intelligence

@: lethally poisoned (-3 -> -15), gold aura, acrobat, noxious spew, very
slightly contaminated, studying Armour, very quick
A: very small, unfitting armour, see invisible, speed 3
a: Potion Petition, Call Merchant, Bribe Branch, Renounce Religion, Evoke
Invisibility


You were on level 6 of the Lair of Beasts.
You worshipped Gozag.
Gozag was greatly pleased with you.
You visited 3 branches of the dungeon, and saw 20 of its levels.
You also visited: Ice Cave.

You collected 10107 gold pieces.
You spent 3016 gold pieces at shops.
You paid 1002 gold pieces to Gozag.

Inventory:

Hand Weapons
 c - the +8 trident of the Octopus King {venom, rElec rPois MR+}
   (You bought it in a shop on level 4 of the Dungeon)

   It poisons the flesh of those it strikes.
   It insulates you from electricity.
   It protects you from poison.
   It affects your resistance to hostile enchantments.
 w - a +5 quarterstaff of flaming
 N - a +6 rapier of venom (weapon)
Missiles
 D - a throwing net (quivered)
Armour
 Q - the +2 cloak of Defence (worn) {+Inv rElec Str-5 Stlth+}
   (You bought it in a shop on level 2 of the Orcish Mines)

   It affects your strength (-5).
   It insulates you from electricity.
   It lets you turn invisible.
   It makes you more stealthy.
 S - a +2 animal skin of cold resistance (worn)
 U - a +0 buckler (worn)
Jewellery
 f - an amulet of the acrobat (around neck)
 g - a +4 ring of evasion
 t - an uncursed ring of magical power
 y - an uncursed ring of fire
 G - an uncursed ring of ice
 J - a +6 ring of intelligence (right hand)
 L - a +6 ring of strength (left hand)
Wands
 h - a wand of iceblast (14)
 q - a wand of digging (31)
 s - a wand of flame (93)
 F - a wand of random effects (44)
 H - a wand of paralysis (17)
 I - a wand of disintegration (83)
 P - a wand of enslavement (12)
Scrolls
 a - a scroll of fear
 e - 8 scrolls of remove curse
 i - 2 scrolls of torment
 n - 4 scrolls of fog
 p - 4 scrolls of blinking
 x - 3 scrolls of immolation
 z - 12 scrolls of teleportation
 A - 10 scrolls of enchant armour
 C - 2 scrolls of magic mapping
 O - 4 scrolls of enchant weapon
 T - 4 scrolls of brand weapon
 W - a scroll of amnesia
 X - a scroll of identify
 Y - a scroll of vulnerability {unknown}
Potions
 b - 7 potions of ambrosia
 d - 2 potions of might
 j - 3 potions of cancellation
 k - 8 potions of curing
 l - 3 potions of lignification
 m - 3 potions of brilliance
 o - 2 potions of haste
 r - a potion of flight
 u - 3 potions of heal wounds
 v - 2 potions of stabbing
 B - a potion of magic
 E - 2 potions of mutation
Books
 R - a manual of Armour
Miscellaneous
 K - a box of beasts (3/3)
 M - a lightning rod (4/4)
 V - a phantom mirror


   Skills:
 - Level 4.0 Fighting
 + Level 9.4 Armour
 - Level 21.0 Dodging
 - Level 10.0 Stealth
 + Level 3.0 Shields
 - Level 10.0 Spellcasting
 - Level 1.0 Conjurations
 + Level 9.9 Translocations
 - Level 10.0 Transmutations
 - Level 1.0 Fire Magic
 - Level 2.0 Air Magic
 - Level 12.0 Poison Magic
 - Level 10.0 Evocations


You had 6 spell levels left.
You knew the following spells:

 Your Spells              Type           Power        Failure   Level
a - Olgreb's Toxic Radia  Pois           ######..     1%          4
b - Poisonous Vapours     Pois/Air       ######       1%          2
c - Mephitic Cloud        Conj/Pois/Air  #####...     1%          3
d - Ignite Poison         Fire/Tmut/Pois ######..     1%          3
e - Alistair's Intoxicat  Tmut/Pois      ######...    1%          5
f - Eringya's Noxious Bo  Tmut/Pois      ######....   9%          6
g - Summon Forest         Summ/Tloc      #####.....   19%         5

Your spell library contained the following spells:

 Spells                   Type           Power        Failure   Level
 Apportation              Tloc           ######       1%          1
 Sting                    Tmut/Pois      ####         1%          1
 Blink                    Tloc           N/A          1%          2
 Lesser Beckoning         Tloc           ######....   1%          3
 Magic Dart               Conj           ###.         3%          1
 Animate Skeleton         Necr           ##....       5%          1
 Freeze                   Ice            ##..         5%          1
 Pain                     Necr           ##..         5%          1
 Corpse Rot               Necr/Air       N/A          5%          2
 Searing Ray              Conj           ###...       5%          2
 Iskenderun's Mystic Bla  Conj/Tloc      #####...     5%          4
 Call Imp                 Summ           ##......     8%          2
 Ensorcelled Hibernation  Hex/Ice        ##....       8%          2
 Slow                     Hex            ##......     8%          2
 Conjure Flame            Conj/Fire      ###.....     11%         3
 Dazzling Flash           Conj/Hex       ###...       13%         3
 Stone Arrow              Conj/Erth      ###...       13%         3
 Hydra Form               Tmut           ######....   13%         6
 Frozen Ramparts          Ice            ##....       16%         3
 Ozocubu's Armour         Ice            ##......     16%         3
 Tukima's Dance           Hex            ##......     16%         3
 Vampiric Draining        Necr           ##........   16%         3
 Fulminant Prism          Conj/Hex       ###.......   38%         4
 Hailstorm                Conj/Ice       ###.....     38%         4
 Animate Dead             Necr           ##........   45%         4
 Summon Ice Beast         Ice/Summ       ##......     45%         4
 Silence                  Hex/Air        ###.......   67%         5
 Agony                    Necr           ##......     82%         5
 Borgnjor's Vile Clutch   Necr/Erth      ##........   82%         5
 Invisibility             Hex            ##......     100%        6
 Shadow Creatures         Summ           N/A          100%        6
 Malign Gateway           Summ/Tloc      #####.....   99%         7
 Monstrous Menagerie      Summ           ##........   100%        7
 Summon Greater Demon     Summ           ##........   100%        7
 Summon Hydra             Summ           ##........   100%        7
 Summon Horrible Things   Summ           ##........   100%        8


Dungeon Overview and Level Annotations

Branches:
Dungeon (12/15)            Temple (0/1) D:4            Lair (6/6) D:10
  Swamp (0/4) Lair:2       Spider (0/4) Lair:4        Slime (0/5) Lair:5
    Orc (2/2) D:12            Elf (0/3) Orc:2         IceCv (visited)

Altars:
Dithmenos
Elyvilon
Fedhas
Gozag
Hepliaklqana
Kikubaaqudgha
Qazlal
Uskayaw
Wu Jian
Xom
Zin

Shops:
D:4 (   Orc:1 ?*[   Orc:2 [}*(

Annotations:
D:12 1 runed translucent door, Ricw's ghost, journeyman FoFi
Lair:2 1 runed translucent door, Xudgha's ghost, journeyman MiFi
Orc:2 1 runed translucent door, OTABOTABOTAB's ghost, journeyman DsVM


Innate Abilities, Weirdness & Mutations

You are very small and have problems with some larger weapons.
You are too small for most types of armour.
You have supernaturally acute eyesight. (SInv)
You cover ground extremely quickly.


Message History

A tree reaches out but misses the swamp dragon.
A root smacks the fire dragon from below!
Your snaplasher vine hits the swamp dragon but does no damage.
The swamp dragon bites your snaplasher vine.
The swamp dragon claws your snaplasher vine!
The swamp dragon closely misses your snaplasher vine.
Your dryad hits the swamp dragon but does no damage.
Your snaplasher vine hits the swamp dragon.
The swamp dragon bites your dryad! The swamp dragon claws your dryad.
The swamp dragon tramples your dryad but does no damage.
A tree reaches out and hits the swamp dragon!
Your dryad splashes around in the water.
Your snaplasher vine hits the swamp dragon!
The swamp dragon dies!
You feel sick. The fire dragon breathes flames at you.
The blast of flame hits you!!!
Ouch! That really hurt!
You die...
Your body crumbles into a pile of gold.

≈.≈≈≈≈≈≈≈≈≈.≈≈R.♣♣
≈.♣≈≈≈≈≈≈≈≈≈≈≈w$≈♣♣
≈...≈≈≈≈≈≈≈≈w/≈≈.○♣♣
≈♣♣♣..≈..≈≈//≈≈≈°≈°♣
§♣♣♣♣♣.♣$≈/<$≈≈♣°D°♣
≈§♣≈♣♣♣♣?$($\♣♣♣≈§≈♣
≈≈♣..♣♣♣!$.!?♣♣.≈§≈♣
♣.≈≈≈≈P♣♣♣.♣♣♣≈≈.≈♣♣
♣♣..≈≈≈.♣♣♣♣♣≈≈.@.♣
.♣....≈♣.♣♣♣≈≈..♣♣♣
..♣♣♣.♣≈..≈≈...♣♣
....♣♣♣≈.≈.≈...♣
♣♣.≈♣♣≈≈.P....♣♣
♣♣♣♣≈.≈♣..♣..♣♣
.♣.≈..♣♣...♣♣♣
≈.≈≈♣...P.♣♣
♣.≈♣.♣P♣♣♣♣


You could see a fire dragon (catching breath).

Vanquished Creatures
  A frost giant (IceCv)
  The ghost of Raneoc the Severer, a journeyman MiFi of Okawaru (Lair:4)
  An ogre mage (D:11)
  A rakshasa (D:11)
  8 hydras
  A catoblepas (Lair:6)
  3 death yaks (Lair:6)
  An orc high priest (Orc:2)
  2 spriggans (Lair:4)
  Sonja (Lair:6)
  3 unseen horrors
  An orc knight (Orc:2)
  A lindwurm (Lair:6)
  A deep elf mage (D:12)
  2 ugly things (D:11)
  4 oklob plants (Lair:3)
  5 orc sorcerers (Orc:2)
  2 manticores (Lair:6)
  10 elephants
  5 cyclopes
  Joseph (D:8)
  5 black mambas
  2 torpor snails
  A gargoyle (D:11)
  10 cane toads
  An ice statue (IceCv)
  5 rime drakes
  9 komodo dragons
  An efreet (D:11)
  2 ice devils (Lair:1)
  20 polar bears
  A queen bee (Lair:3)
  7 trolls
  2 hornets (Lair:4)
  2 jumping spiders (Lair:4)
  2 bog bodies (Lair:2)
  24 blink frogs
  A meliai zombie (D:12)
  7 dream sheep (Lair:6)
  7 slime creatures (D:12)
  2 redbacks (Lair:4)
  6 wraiths
  A shadow (D:12)
  71 yaks
  7 wyverns
  8 basilisks
  2 steam dragons
  A swamp worm (Lair:2)
  Edmund (D:5)
  4 wargs
  19 water moccasins
  3 ice beasts
  27 orc warriors
  8 black bears
  An eye of draining (D:12)
  3 swamp drakes (Lair:6)
  3 sky beasts
  A necrophage (D:11)
  A boggart (Lair:4)
  11 centaurs
  7 ogres
  A phantom (D:11)
  67 wolves
  2 big kobolds
  2 wyvern zombies (D:11)
  18 bullfrogs
  3 scorpions
  39 killer bees
  3 electric eels (Lair:2)
  3 wights (D:10)
  A centaur zombie (D:11)
  5 howler monkeys (D:8)
  3 jellies
  2 bullfrog zombies
  Crazy Yiuf (D:4)
  2 bullfrog skeletons
  26 orc priests
  Ijyb (D:3)
  2 hounds
  38 orc wizards
  6 centaur skeletons
  Terence (D:3)
  5 iguanas
  Natasha (thrice) (D:4)
  A hell rat (Lair:3)
  14 worker ants
  A killer bee zombie (D:10)
  A centaur simulacrum (D:11)
  4 hound skeletons
  2 worker ant zombies
  12 adders
  A howler monkey skeleton (D:5)
  A river rat (Lair:3)
  A hound simulacrum (D:11)
  A white imp (D:8)
  An adder zombie (D:7)
  3 worms
  2 dart slugs
  10 leopard geckos
  79 orcs
  10 bats
  8 giant cockroaches
  8 hobgoblins
  14 jackals
  3 quokkas
  A ball python (D:3)
  6 frilled lizards
  2 goblins
  A jackal skeleton (D:7)
  17 kobolds
  7 rats
796 creatures vanquished.

Vanquished Creatures (collateral kills)
  A swamp dragon (Lair:6)
  An acid dragon (Lair:6)
  A water moccasin (Lair:5)
3 creatures vanquished.

Vanquished Creatures (others)
  A hydra (Lair:6)
  A black mamba (Lair:6)
  3 cane toads
  A yak (Lair:3)
  2 water moccasins (Lair:3)
  An orc warrior (D:8)
  37 fungi
  140 plants
186 creatures vanquished.

Grand Total: 985 creatures vanquished

Notes
Turn   | Place    | Note
-------+----------+-------------------------------------------
     0 | D:1      | mandarbmax the Spriggan Venom Mage began the quest for the
                  | Orb.
     0 | D:1      | Reached XP level 1. HP: 9/9 MP: 5/5
   338 | D:1      | Reached XP level 2. HP: 13/13 MP: 1/7
   342 | D:1      | Learned a level 2 spell: Poisonous Vapours
  1174 | D:1      | Reached XP level 3. HP: 16/16 MP: 1/9
  1436 | D:1      | Upgraded the game from 0.26-a0-707-g31817bcca1 to
                  | 0.26-a0-708-g17f3b190f9
  1436 | D:1      | Upgraded the game from 0.26-a0-708-g17f3b190f9 to
                  | 0.26-a0-710-g95a0c6c400
  1462 | D:2      | Learned a level 3 spell: Mephitic Cloud
  1466 | D:2      | Learned a level 3 spell: Ignite Poison
  1843 | D:2      | Found an ornate altar of the Wu Jian Council.
  1882 | D:2      | Reached XP level 4. HP: 21/21 MP: 1/11
  2952 | D:3      | Found an opulent altar of Gozag.
  2959 | D:3      | Became a worshipper of Gozag Ym Sagoz the Greedy
  2974 | D:3      | Noticed Ijyb
  2988 | D:3      | Killed Ijyb
  2988 | D:3      | Reached skill level 1 in Air Magic
  3159 | D:3      | Noticed Terence
  3166 | D:3      | Killed Terence
  3166 | D:3      | Reached skill level 1 in Fire Magic
  3166 | D:3      | Reached XP level 5. HP: 24/24 MP: 3/12
  3455 | D:4      | Noticed an ogre
  3507 | D:4      | Noticed Natasha
  3521 | D:3      | Killed an ogre
  3521 | D:3      | Reached skill level 1 in Conjurations
  4032 | D:4      | Reached skill level 5 in Poison Magic
  4041 | D:4      | Reached XP level 6. HP: 19/28 MP: 5/13
  4157 | D:4      | Killed Natasha
  4300 | D:4      | Noticed Natasha
  4304 | D:4      | Killed Natasha
  4346 | D:4      | Noticed Natasha
  4472 | D:4      | Found a staircase to the Ecumenical Temple.
  4487 | D:4      | Found Ubbaq's Weapon Boutique.
  4787 | D:4      | Killed Natasha
  5152 | D:4      | Found a runed translucent door.
  5153 | D:4      | Noticed Crazy Yiuf
  5300 | D:4      | Killed Crazy Yiuf
  5431 | D:5      | Entered Level 5 of the Dungeon
  5431 | D:5      | Noticed Edmund
  5436 | D:5      | Killed Edmund
  5436 | D:5      | Reached XP level 7. HP: 32/32 MP: 9/14
  5579 | D:5      | Learned a level 4 spell: Olgreb's Toxic Radiance
  6216 | D:5      | Reached skill level 5 in Spellcasting
  6906 | D:6      | Reached skill level 1 in Evocations
  6937 | D:6      | Reached XP level 8. HP: 21/36 MP: 16/16
  7101 | D:6      | Reached skill level 4 in Dodging
  7135 | D:6      | You fall into a shaft and drop 1 floor!
  7582 | D:6      | Reached skill level 5 in Dodging
  7603 | D:6      | Reached skill level 6 in Dodging
  7827 | D:6      | Reached skill level 5 in Evocations
  8098 | D:6      | Found an ancient bone altar of Kikubaaqudgha.
  8099 | D:6      | Found a blossoming altar of Fedhas.
  8207 | D:6      | Found a hazy altar of Hepliaklqana.
  8207 | D:6      | Found a shadowy altar of Dithmenos.
  8457 | D:7      | Reached skill level 7 in Dodging
  9158 | D:8      | Noticed Joseph
  9161 | D:8      | Reached skill level 8 in Dodging
  9162 | D:8      | Killed Joseph
  9162 | D:8      | Reached XP level 9. HP: 39/39 MP: 12/17
  9293 | D:8      | Reached skill level 9 in Dodging
  9644 | D:8      | Reached skill level 10 in Dodging
  9966 | D:8      | Reached skill level 11 in Dodging
 10311 | D:8      | Identified the +1 ring mail of Jokodunu {Regen+ Str+7
                  | Dex-3}
 10520 | D:9      | Learned a level 6 spell: Shadow Creatures
 10817 | D:9      | Found a stormy altar of Qazlal.
 10827 | D:9      | Reached skill level 12 in Dodging
 10827 | D:9      | Reached skill level 13 in Dodging
 11074 | D:9      | Reached XP level 10. HP: 44/44 MP: 11/18
 11573 | D:9      | Found a glowing silver altar of Zin.
 11573 | D:9      | Found a shimmering altar of Xom.
 11574 | D:9      | Found a white marble altar of Elyvilon.
 11598 | D:10     | Entered Level 10 of the Dungeon
 11605 | D:10     | Reached skill level 14 in Dodging
 12178 | D:10     | Reached skill level 15 in Dodging
 12316 | D:10     | Found a staircase to the Lair.
 12512 | D:10     | Identified a scroll of acquirement
 12512 | D:10     | Acquired a book of Party Tricks
 12521 | D:10     | Learned a level 5 spell: Alistair's Intoxication
 13148 | D:11     | Noticed an unseen horror
 13152 | D:11     | Killed an unseen horror
 13232 | D:11     | Noticed a purple ugly thing
 13244 | D:11     | Killed a purple ugly thing
 13244 | D:11     | Reached XP level 11. HP: 47/47 MP: 4/19
 13486 | D:11     | Reached skill level 10 in Poison Magic
 13536 | D:11     | Reached skill level 5 in Transmutations
 13619 | D:11     | Noticed a purple ugly thing
 13625 | D:11     | Killed a purple ugly thing
 14013 | D:11     | Reached skill level 16 in Dodging
 15190 | D:11     | Noticed a rakshasa
 15215 | D:11     | Noticed an ogre mage
 15216 | D:11     | Killed a rakshasa
 15216 | D:11     | Reached skill level 17 in Dodging
 15220 | D:11     | Killed an ogre mage
 15220 | D:11     | Reached skill level 1 in Fighting
 16266 | D:11     | Reached XP level 12. HP: 54/54 MP: 15/22
 16408 | D:11     | Found the +5 scythe "Finisher" {speed, eviscerate}
 16665 | D:12     | Noticed a six-headed hydra
 16675 | D:12     | Killed a six-headed hydra
 17237 | D:12     | Found a staircase to the Orcish Mines.
 17239 | D:12     | Noticed a five-headed hydra
 17249 | D:12     | Reached skill level 10 in Evocations
 17268 | D:12     | Killed a five-headed hydra
 17855 | D:12     | Reached skill level 5 in Stealth
 18186 | D:12     | Found a runed translucent door.
 18186 | D:12     | Noticed Ricw's ghost (journeyman FoFi)
 18276 | Orc:1    | Entered Level 1 of the Orcish Mines
 18651 | Orc:2    | Entered Level 2 of the Orcish Mines
 19464 | Orc:2    | Reached skill level 10 in Spellcasting
 19820 | Orc:2    | Noticed an orc high priest
 19825 | Orc:2    | Killed an orc high priest
 19825 | Orc:2    | Reached skill level 10 in Stealth
 19825 | Orc:2    | Reached XP level 13. HP: 61/61 MP: 19/28
 20380 | Orc:2    | Found Beor's Antique Armour Boutique.
 20380 | Orc:2    | Found Rita's Weapon Shop.
 20380 | Orc:2    | Found Seilezxa's Gadget Boutique.
 20421 | Orc:2    | Found Ipeusoet's Assorted Antiques.
 20427 | Orc:2    | Bought a potion of heal wounds for 125 gold pieces
 20447 | Orc:2    | Bought a box of beasts (3/3) for 320 gold pieces
 20447 | Orc:2    | Bought a wand of disintegration (8) for 192 gold pieces
 20447 | Orc:2    | Bought a wand of digging (6) for 320 gold pieces
 20447 | Orc:2    | Bought a wand of enslavement (12) for 224 gold pieces
 20447 | Orc:2    | Bought a wand of digging (4) for 256 gold pieces
 20448 | Orc:2    | Bought a polished cloak for 209 gold pieces
 20458 | Orc:2    | Identified the +2 cloak of Defence {+Inv rElec Str-5
                  | Stlth+} (You bought it in a shop on level 2 of the Orcish
                  | Mines)
 20458 | Orc:2    | Lost strength.
 20843 | Orc:2    | Found a staircase to the Elven Halls.
 21042 | Orc:2    | Found a runed translucent door.
 21055 | Orc:2    | Noticed OTABOTABOTAB's ghost (journeyman DsVM)
 21452 | D:4      | Bought the +8 trident of the Octopus King {venom, rElec
                  | rPois MR+} for 748 gold pieces
 21452 | D:4      | Found the +8 trident of the Octopus King {venom, rElec
                  | rPois MR+}
 21714 | Orc:1    | Found Istiosh's Antique Armour Emporium.
 22046 | Orc:1    | Bought a potion of heal wounds for 135 gold pieces
 22046 | Orc:1    | Bought a scroll of enchant weapon for 202 gold pieces
 22046 | Orc:1    | Bought a glowing robe for 99 gold pieces
 22071 | Orc:1    | Bought a scroll of blinking for 127 gold pieces
 22071 | Orc:1    | Bought a scroll of fear for 59 gold pieces
 22177 | Lair:1   | Entered Level 1 of the Lair of Beasts
 22277 | Lair:1   | Found a frozen archway.
 22313 | IceCv    | Entered an ice cave
 23386 | IceCv    | Reached skill level 18 in Dodging
 23403 | IceCv    | Reached skill level 10 in Transmutations
 24267 | IceCv    | Noticed a frost giant
 24410 | IceCv    | Killed a frost giant
 24410 | IceCv    | Reached skill level 19 in Dodging
 26387 | Lair:2   | Reached skill level 1 in Armour
 26728 | Lair:2   | Found a runed translucent door.
 26730 | Lair:2   | Noticed Xudgha's ghost (journeyman MiFi)
 27194 | Lair:2   | Found a staircase to the Swamp.
 27305 | Lair:2   | Reached skill level 20 in Dodging
 27554 | Lair:2   | Reached XP level 14. HP: 42/66 MP: 17/29
 28613 | Lair:3   | Reached skill level 5 in Armour
 29046 | Lair:3   | Acquired a Fen Folio
 29055 | Lair:3   | Learned a level 6 spell: Eringya's Noxious Bog
 29061 | Lair:3   | Learned a level 5 spell: Summon Forest
 29231 | Lair:3   | Reached skill level 1 in Translocations
 31277 | Lair:4   | Reached skill level 21 in Dodging
 31282 | Lair:4   | Reached skill level 5 in Translocations
 31562 | Lair:4   | Found a hide-covered altar of Uskayaw.
 31673 | Lair:4   | Found a hole to the Spider Nest.
 32762 | Lair:4   | Found a runed translucent door.
 32765 | Lair:4   | Identified the +5 spear of Regicide {pain, rPois rC- Dex+9}
 32866 | Lair:4   | Noticed Raneoc's ghost (journeyman MiFi)
 32876 | Lair:4   | Upgraded the game from 0.26-a0-710-g95a0c6c400 to
                  | 0.26-a0-712-ga5a9c9c9d0
 32899 | Lair:4   | Killed Raneoc's ghost
 34033 | Lair:5   | Found a staircase to the Slime Pits.
 34380 | Lair:5   | Reached XP level 15. HP: 54/70 MP: 21/30
 34869 | Lair:6   | Entered Level 6 of the Lair of Beasts
 34874 | Lair:6   | Reached skill level 1 in Shields
 35536 | Lair:6   | Noticed Sonja
 35539 | Lair:6   | Killed Sonja
 37681 | Lair:6   | Killed from afar by a fire dragon

Illustrated notes

Levels and vault maps discovered:
D:1:      saegor_arrival_simple_c, layout_loops_ring
D:2:      layout_basic, lemuel_doored_altar
D:3:      layout_loops_ring, old_standard_altar, uniq_ijyb, uniq_terence
D:4:      layout_rooms, minmay_temple_entry_slanted, serial_shops,
          nicolae_shop_waterfront, uniq_natasha, uniq_crazy_yiuf_cottage
D:5:      layout_basic, uniq_edmund
D:6:      layout_basic, grunt_temple_overflow_growth_and_decay,
          riverfiend_overflow_shadow_ancestor, nicolae_overflow_hidden_temple
D:7:      layout_basic
D:8:      layout_gridville, uniq_joseph
D:9:      layout_basic, grunt_qazlal_clouds, gammafunk_temple_overflow_claw,
          eino_jars
D:10:     layout_irregular_city, erik_lair_orcish_takeover, minivault_19,
          kennysheep_generic_room_8
D:11:     minmay_the_grid_octo_tiled_octocenter [minmay_the_grid_octo_teeth,
          minmay_the_grid_octo_clover, minmay_the_grid_octo_checkered,
          minmay_the_grid_octo_tetromino_candy,
          minmay_the_grid_octo_prize_single_spiral,
          minmay_the_grid_square_5x5_tie, minmay_the_grid_square_5x5_moneybag,
          minmay_the_grid_square_5x5_minimal,
          minmay_the_grid_square_5x5_pentomino_r], layout_gridville,
          minivault_20, minmay_guarded_unrand_finisher
D:12:     layout_long_grid, david_orc_2, ebering_ghost_inner_flame
Lair:1:   layout_regular_city, portal_ice_cave_demonic_guard,
          beast_lair_carwin_7, grunt_megastairs_4
Lair:2:   layout_gridlike, nicolae_swamp_entry_splash_gauntlet,
          hellmonk_ghost_happy_afterlife, serial_bayou_shore_a
Lair:3:   regret_index_wax_grids, layout_hall_layers, minmay_lair_oklob_chamber
Lair:4:   wad_woods_stonehenge, layout_long_grid, spider_nest_entry_funnel_web,
          ebering_ghost_funeral_grove, grunt_forest_large_clearings
Lair:5:   layout_roguey, dpeg_slime_entry_corner, serial_bayou_pond_b,
          nzn_random_ring, infiniplex_staircase_pool_2, lemuel_fruit_tree
Lair:6:   hangedman_lair_in_review, layout_loops_ring, guppyfry_lair_end_dragon,
          uniq_sonja
Orc:1:    layout_caves, serial_shops, shop
Orc:2:    st_orc_mages, layout_caves, ebering_ghost_reflecting_pool

Skill      XL: |  1  2  3  4  5  6  7  8  9 10 11 12 13 14 15 |
---------------+----------------------------------------------+-----
Spellcasting   | 3 4 5 6 10 | 10.0
Transmutations | 2 4 7 10 | 10.0
Poison Magic   | 4 5 7 8 9 11 12 | 12.0
Air Magic      | 1 2 |  2.0
Fire Magic     | 1 |  1.0
Conjurations   | 1 |  1.0
Evocations     | 2 7 8 10 | 10.0
Dodging        | 8 13 15 17 20 21 | 21.0
Fighting       | 2 4 |  4.0
Stealth        | 10 | 10.0
Armour         | 3 8 9 |  9.4
Translocations | 8 9 |  9.9
Shields        | 3 |  3.0

Action                   |  1- 3 |  4- 6 |  7- 9 | 10-12 | 13-15 || total
-------------------------+-------+-------+-------+-------+-------++-------
Melee: Short sword       |    13 |    36 |       |    15 |       ||    64
       Whip              |     3 |       |       |       |       ||     3
       Quarterstaff      |       |       |    48 |   181 |     4 ||   233
       Trident           |       |       |       |       |   207 ||   207
       Rapier            |       |       |       |       |    52 ||    52
 Cast: Sting             |    24 |     6 |       |       |       ||    30
       Poisonous Vapours |    34 |    75 |    87 |   141 |   271 ||   608
       Mephitic Cloud    |     3 |     9 |    22 |    73 |    90 ||   197
       Ignite Poison     |     1 |     5 |    38 |   104 |   204 ||   352
       Olgreb's Toxic Ra |       |       |    17 |    44 |    54 ||   115
       Alistair's Intoxi |       |       |       |     3 |     5 ||     8
       Eringya's Noxious |       |       |       |       |    21 ||    21
       Summon Forest     |       |       |       |       |     6 ||     6
Invok: Call Merchant     |       |       |       |       |     2 ||     2
 Abil: Evoke Invisibilit |       |       |     1 |     3 |     4 ||     8
Evoke: Wand              |       |       |       |     1 |     1 ||     2
       Box of beasts     |       |       |       |       |     2 ||     2
  Use: Scroll            |       |       |    22 |     6 |     8 ||    36
       Potion            |       |       |     1 |     1 |     2 ||     4
 Stab: Sleeping          |     2 |     1 |       |     3 |     4 ||    10
       Confused          |       |     2 |       |     2 |       ||     4
       Invisible         |       |       |     4 |     3 |       ||     7
       Paralysed         |       |       |       |     9 |       ||     9
       Distracted        |       |       |       |     2 |     2 ||     4
Armor: Robe              |     6 |       |     1 |     7 |     4 ||    18
       Animal skin       |       |       |       |       |    23 ||    23
Dodge: Dodged            |    17 |    24 |    65 |   326 |   553 ||   985
Block: Buckler           |       |       |       |       |    20 ||    20

Table legend: (Time is in decaauts)
 A = Elapsed time spent in this place.
 B = Non-inter-level travel time spent in this place.
 C = Inter-level travel time spent in this place.
 D = Time resting spent in this place.
 E = Time spent auto-exploring this place.
 F = Levels seen in this place.
 G = Mean time per level.
                   A        B        C        D        E       F      G
               +--------+--------+--------+--------+--------+-----+--------+
         Total |  31999 |  31101 |    898 |  12741 |  14130 |  21 | 1523.8 |
       Dungeon |  15553 |  14988 |    565 |   4853 |   8164 |  12 | 1296.1 |
          Lair |  11371 |  11219 |    152 |   5258 |   4460 |   6 | 1895.2 |
  Orcish Mines |   2943 |   2763 |    180 |   1271 |   1060 |   2 | 1471.5 |
      Ice Cave |   2131 |   2131 |      0 |   1359 |    444 |   1 | 2131.0 |
               +--------+--------+--------+--------+--------+-----+--------+

Top non-repeatable levels by time:
    D:11: 3235 daAuts
  Lair:3: 2492 daAuts
   Orc:2: 2300 daAuts
  Lair:6: 2275 daAuts
   IceCv: 2131 daAuts
  Lair:1: 1833 daAuts
  Lair:4: 1824 daAuts
  Lair:5: 1568 daAuts
  Lair:2: 1377 daAuts
    D:10: 1250 daAuts
     D:1: 1236 daAuts
     D:4: 1233 daAuts
     D:3: 1219 daAuts
    D:12: 1218 daAuts
     D:5: 1182 daAuts
